 Dungeon Crawl Stone Soup version 0.19-a0-664-g51fd293 (webtiles) character file.

6262 AlphabetPasta the Quickloader (level 10, -4/88 HPs)
             Began as a Hill Orc Hunter on June 15, 2016.
             Was an Elder of Okawaru.
             Slain by Xcelar's ghost (5 damage)
             ... on level 9 of the Dungeon.
             The game lasted 00:51:39 (10988 turns).

AlphabetPasta the Quickloader (Hill Orc Hunter)    Turns: 10988, Time: 00:51:39

Health: -4/88      AC: 17    Str: 18    XL:     10   Next: 93%
Magic:  14/14      EV: 12    Int: 11    God:    Okawaru [****..]
Gold:   331        SH:  4    Dex: 12    Spells: 0 memorised, 9 levels left

rFire  . . .     SeeInvis +     a - +0 hand axe
rCold  . . .     Gourm    .     K - +0 scale mail {rN+}
rNeg   + . .     Faith    .     (no shield)
rPois  .         Spirit   .     t - +1 helmet
rElec  .         Dismiss  .     k - +0 cloak
rCorr  .         Reflect  +     z - +0 pair of gloves
SustAt .         Harm     .     F - +0 pair of boots
MR     .....                    n - +4 amulet of reflection
Stlth  ..........               B - ring of see invisible
                                c - +4 ring of protection

@: about to teleport, not resistant to hostile enchantments, extremely
unstealthy
A: no striking features
a: Heroism, Renounce Religion


You were on level 9 of the Dungeon.
You worshipped Okawaru.
Okawaru was greatly pleased with you.
You were hungry.

You visited 2 branches of the dungeon, and saw 10 of its levels.
You also visited: Ossuary.

You collected 331 gold pieces.

Inventory:

Hand Weapons
 a - a +0 hand axe (weapon)
 b - a +1 hand crossbow
 e - a +0 short sword
Missiles
 d - 21 bolts
Armour
 k - a +0 cloak (worn)
 t - a +1 helmet (worn)
 v - a +0 scale mail
 z - a +0 pair of gloves (worn)
 F - a +0 pair of boots (worn)
 K - a +0 scale mail of positive energy (worn)
 M - the +1 leather armour "Urug" {rC+ Regen+ Int+6 SInv}
   (You found it on level 8 of the Dungeon)

   It affects your intelligence (+6).
   It protects you from cold.
   It lets you see invisible.
   It increases your rate of regeneration.
Jewellery
 c - a +4 ring of protection (left hand)
 n - a +4 amulet of reflection (around neck)
 s - an uncursed ring of flight
 B - a ring of see invisible (right hand)
 C - an uncursed ring of positive energy
Wands
 l - a wand of iceblast (2/15)
 q - a wand of teleportation (7/9)
 y - a wand of iceblast (6/15)
 E - a wand of flame (31/48)
 G - a wand of enslavement (7/24)
 I - a wand of acid (6/15)
 J - a wand of digging (7/24)
 L - a wand of iceblast (10/15)
 N - a wand of confusion (28/48)
Scrolls
 g - 2 scrolls of fog
 o - 3 scrolls of remove curse
 p - 6 scrolls of teleportation
 x - 5 scrolls of enchant armour
Potions
 h - a potion of brilliance {unknown}
 i - 2 potions of flight
 j - a potion of curing
 r - 3 potions of magic {unknown}
 u - a potion of berserk rage {unknown}
 A - a potion of invisibility {unknown}
 D - a potion of degeneration {unknown}
 H - a potion of haste {unknown}
Comestibles
 f - 9 bread rations
 m - a meat ration


   Skills:
 - Level 7.8 Fighting
 * Level 7.9 Axes
 * Level 9.1 Crossbows
 - Level 6.5 Armour
 - Level 5.4 Dodging
 - Level 0.7 Stealth
 + Level 6.6 Invocations


You had 9 spell levels left.
You didn't know any spells.

Dungeon Overview and Level Annotations

Branches:
Dungeon (9/15)             Temple (1/1) D:5            Lair (0/6) D:9
    Orc: D:9-12

Altars:
Ashenzari
Cheibriados
Dithmenos
Elyvilon
Fedhas
Gozag
Hepliaklqana
Kikubaaqudgha
Makhleb
Nemelex Xobeh
Okawaru
Pakellas
Qazlal
Ru
Sif Muna
Trog
Uskayaw
Vehumet
Xom
Zin
The Shining One

Shops:
D:7 [=   D:8 *

Annotations:
D:9 Xcelar's ghost, novice MiBe


Message History

Xcelar's ghost burns you.
* * * LOW HITPOINT WARNING * * *
You hit Xcelar's ghost but do no damage.
Xcelar's ghost is almost destroyed.
Xcelar's ghost hits you but does no damage.
You hit Xcelar's ghost.
Xcelar's ghost is almost destroyed.
Xcelar's ghost hits you but does no damage.
You hit Xcelar's ghost.
Xcelar's ghost is almost destroyed.
Xcelar's ghost hits you!
* * * LOW HITPOINT WARNING * * *
Xcelar's ghost burns you.
* * * LOW HITPOINT WARNING * * *
A troll comes into view.
As you read the scroll of teleportation, it crumbles to dust.
You feel strangely unstable. Xcelar's ghost hits you!
* * * LOW HITPOINT WARNING * * *
Xcelar's ghost burns you.
You die...

...# ..# #.... ... ...#
#.(... .. ...## #.(....
#..## ##.(.....
##...###........
#....#........# #
#....#(.......# #.
....#...W....# #..
#..###.@##...#
#...##..###..##'####
#............#.....#..
#........T...#.....'...
#......<.....'.....#...
#.......##...##...## ..
#.......##(..##...##
#.......##..........
.........+...........


You could see a troll and Xcelar's ghost.

Vanquished Creatures
  A troll (D:8)
  Prince Ribbit (D:9)
  7 spriggans
  A wyvern (D:8)
  A hungry ghost (D:7)
  3 hippogriffs
  A black bear (D:9)
  A sky beast (D:8)
  An ice beast (D:8)
  4 orc warriors
  3 ogres
  A necrophage (D:9)
  4 phantoms
  2 centaurs
  An elf zombie (Ossuary)
  2 big kobolds
  3 gnoll sergeants
  3 giant frogs (D:8)
  4 scorpions
  4 killer bees (D:8)
  4 wights (D:8)
  5 jellies
  A crimson imp (D:6)
  A centaur zombie (Ossuary)
  A quasit (D:7)
  5 hounds
  3 orc priests (D:8)
  A centaur skeleton (D:8)
  2 human zombies (Ossuary)
  An iguana (D:7)
  Terence (D:3)
  12 orc wizards
  3 worker ants
  A big kobold zombie (Ossuary)
  2 mummies (Ossuary)
  2 hound skeletons (D:4)
  3 hound zombies (D:5)
  9 adders
  8 gnolls
  2 shadow imps
  An ooze (D:3)
  An adder zombie (Ossuary)
  2 adder skeletons (D:9)
  3 worms
  3 dart slugs
  5 giant geckos
  39 orcs
  3 bats
  2 giant cockroaches
  4 goblins
  6 hobgoblins
  14 jackals
  9 kobolds
  2 quokkas
  A giant gecko skeleton (D:8)
  4 giant newts
  2 goblin zombies (Ossuary)
  10 hobgoblin zombies (Ossuary)
  A jackal zombie (Ossuary)
  8 kobold zombies (Ossuary)
  9 orc zombies (Ossuary)
  A quokka skeleton (D:5)
  5 rats
  A rat zombie (Ossuary)
251 creatures vanquished.

Vanquished Creatures (others)
  An orc wizard (D:6)
1 creature vanquished.

Grand Total: 252 creatures vanquished

Notes
Turn   | Place    | Note
--------------------------------------------------------------
     0 | D:1      | AlphabetPasta the Hill Orc Hunter began the quest for the Orb.
     0 | D:1      | Reached XP level 1. HP: 18/18 MP: 1/1
   146 | D:1      | Reached XP level 2. HP: 20/25 MP: 2/2
   243 | D:1      | Reached skill level 1 in Armour
   609 | D:1      | Reached XP level 3. HP: 30/30 MP: 3/3
   889 | D:2      | Reached skill level 4 in Crossbows
  1025 | D:2      | Reached XP level 4. HP: 31/38 MP: 4/4
  1424 | D:3      | Noticed Terence
  1474 | D:3      | Killed Terence
  1662 | D:3      | Found a sparkling altar of Nemelex Xobeh.
  2038 | D:3      | Reached XP level 5. HP: 32/46 MP: 5/5
  2887 | D:4      | Found a sand-covered staircase.
  2898 | Ossuary  | Entered an ossuary
  3134 | Ossuary  | Reached skill level 1 in Axes
  3134 | Ossuary  | Reached XP level 6. HP: 37/52 MP: 6/6
  3830 | D:4      | Reached skill level 5 in Crossbows
  3830 | D:4      | Reached XP level 7. HP: 60/60 MP: 7/7
  4076 | D:5      | Entered Level 5 of the Dungeon
  4606 | D:5      | Got a heavily jewelled robe
  4633 | D:5      | Identified the cursed +0 robe of Lilacs {*Corrode rElec rC+ Regen+} (You took it off an orc on level 5 of the Dungeon)
  4667 | D:5      | Reached skill level 5 in Fighting
  4734 | D:5      | Reached XP level 8. HP: 62/68 MP: 8/8
  4756 | D:5      | Reached skill level 6 in Crossbows
  4861 | D:5      | Found a shimmering altar of Xom.
  4981 | D:5      | Found a staircase to the Ecumenical Temple.
  4988 | Temple   | Entered the Ecumenical Temple
  5006 | Temple   | Became a worshipper of Warmaster Okawaru
  5244 | D:6      | Reached skill level 1 in Invocations
  5547 | D:6      | Found a sacrificial altar of Ru.
  5609 | D:6      | Got an encrusted cloak
  5620 | D:6      | Identified the cursed -5 cloak of a labyrinth {Dex+6 Slay+2} (You found it on level 6 of the Dungeon)
  5945 | D:6      | Found a shadowy altar of Dithmenos.
  6171 | D:6      | Found a glowing silver altar of Zin.
  6958 | D:7      | Found Huzohets's Armour Shoppe.
  6998 | D:7      | Reached * piety under Okawaru
  6998 | D:7      | Reached XP level 9. HP: 65/75 MP: 11/11
  7099 | D:7      | Reached skill level 7 in Crossbows
  7287 | D:7      | Reached skill level 5 in Axes
  7568 | D:7      | Found Huehok's Jewellery Emporium.
  7606 | D:7      | Found a deep blue altar of Sif Muna.
  7975 | D:8      | Reached ** piety under Okawaru
  7975 | D:8      | Reached skill level 5 in Armour
  8247 | D:8      | Found a bloodstained altar of Trog.
  9001 | D:8      | Reached skill level 5 in Dodging
  9191 | D:8      | Got a steaming leather armour
  9202 | D:8      | Identified the cursed +1 leather armour "Urug" {rC+ Regen+ Int+6 SInv} (You found it on level 8 of the Dungeon)
  9236 | D:8      | Reached XP level 10. HP: 60/84 MP: 10/13
  9259 | D:8      | Reached skill level 8 in Crossbows
  9324 | D:8      | Reached *** piety under Okawaru
  9324 | D:8      | Reached skill level 5 in Invocations
  9510 | D:8      | Found Sonaugre's Changing Room.
 10168 | D:8      | Reached **** piety under Okawaru
 10379 | D:8      | Upgraded the game from 0.19-a0-659-g8260ecf to 0.19-a0-664-g51fd293
 10415 | D:9      | Noticed Prince Ribbit
 10431 | D:9      | Killed Prince Ribbit
 10431 | D:9      | Reached skill level 9 in Crossbows
 10443 | D:9      | Found a staircase to the Lair.
 10912 | D:9      | Noticed Xcelar's ghost (novice MiBe)
 10988 | D:9      | HP: 1/88 [Xcelar's ghost (12)]
 10988 | D:9      | Slain by Xcelar's ghost

Vault maps used:
D:1:      dpeg_arrival_arbitrary_c
D:3:      nicolae_overflow_crystal_walls, uniq_terence
D:4:      enter_ossuary_1
D:5:      lemuel_coloured_pillars_altar, temple_doors_a, first_bread,
          grunt_tough_drop
D:6:      minmay_flawed_box, zin_academy, overflow_temple_1_default,
          lemuel_crystal_altar
D:7:      led_sif_pool, serial_shops, nicolae_shop_waterfront, the_bakery,
          kennysheep_small_square
D:8:      forest_paths, marbit_many_paths, nicolae_transmutations_shop
D:9:      lemuel_mausoleum_altar_yredelemnul, lair_0_dummy,
          nemelex_lonely_heart_becter, uniq_psyche, uniq_prince_ribbit1
Temple:   water_room_temple_a_12
Ossuary:  ossuary_tomb_1

Skill      XL: |  1  2  3  4  5  6  7  8  9 10 |
---------------+-------------------------------+-----
Armour         | 1 2 3 4 5 6 |  6.5
Dodging        | 2 3 4 5 |  5.4
Fighting       | 3 4 5 6 7 |  7.8
Crossbows      | 4 5 6 7 9 |  9.1
Axes           | 1 2 3 4 6 7 |  7.9
Invocations    | 2 4 6 |  6.6
Stealth        | |  0.7

Action                   |  1- 3 |  4- 6 |  7- 9 | 10-12 || total
-------------------------+-------+-------+-------+-------++-------
Melee: Short sword       |    91 |   147 |       |       ||   238
       Hand axe          |       |   196 |   467 |   510 ||  1173
       Punch             |       |       |     5 |     2 ||     7
 Fire: Hand crossbow     |    34 |    17 |   195 |    15 ||   261
Invok: Heroism           |       |       |     5 |     9 ||    14
Evoke: Wand              |       |     2 |       |       ||     2
  Use: Potion            |       |     9 |     3 |     5 ||    17
       Scroll            |       |     6 |     5 |     3 ||    14
 Stab: Sleeping          |       |       |       |     1 ||     1
  Eat: Chunk             |       |     7 |    14 |     5 ||    26
       Royal jelly       |       |     1 |       |       ||     1
       Fruit             |       |     3 |       |     1 ||     4
       Beef jerky        |       |       |     2 |       ||     2
       Pizza             |       |       |     1 |       ||     1
Armor: Ring mail         |    31 |       |       |       ||    31
       Scale mail        |    11 |   142 |   251 |    65 ||   469
       Skin              |       |    21 |       |       ||    21
       Robe              |       |       |     6 |       ||     6
       Leather armour    |       |       |     4 |    86 ||    90
Dodge: Dodged            |    73 |   179 |   302 |   266 ||   820
Block: Other             |       |    21 |    94 |    68 ||   183
       Reflection        |       |       |     2 |     2 ||     4
